 Seeded DCSS version 0.30.0-19-g36f170ea60 (webtiles) character file.

Game seed: 6351066067085065685 (custom seed)

3 Esekla the Grave Robber (level 1, 0/4 (10) HPs)
             Began as a Deep Elf Necromancer on May 29, 2023.
             Slain by a goblin
             ... wielding a +1 dagger of draining
              (2 damage)
             ... on level 1 of the Dungeon.
             The game lasted 00:00:56 (144 turns).

Esekla the Grave Robber (Deep Elf Necromancer)       Turns: 144, Time: 00:00:56

HP:   0/4 (10)      AC:  2    Str:  5    XL:     1   Next: 41%
MP:   6/6           EV: 12    Int: 19    God:
Gold: 0             SH:  0    Dex: 15    Spells: 5/6 levels left

rFire   . . .        c - +0 short sword
rCold   . . .        (no shield)
rNeg    . . .        a - +0 robe
rPois   .            (no helmet)
rElec   .            (no cloak)
rCorr   .            (no gloves)
SInv    .            (no boots)
Will    .....        (no amulet)
Stlth   ++           (no ring)
HPRegen 0.20/turn    (no ring)
MPRegen 0.10/turn

%: no passive effects
@: extremely drained
A: no striking features
a: no special abilities


You were on level 1 of the Dungeon.
You visited 1 branch of the dungeon, and saw 1 of its levels.

Inventory:

Hand Weapons
 c - a +0 short sword (weapon)
Armour
 a - a +0 robe (worn)
Scrolls
 e - a scroll of fear {unknown}
Potions
 b - a potion of magic
 d - a potion of ambrosia {unknown}


   Skills:
 * Level 2.4 Dodging
 + Level 2.4 Stealth
 * Level 3.0 Spellcasting
 + Level 5.0 Necromancy


You had 5 spell levels left.
You knew the following spells:

 Your Spells              Type           Power      Damage    Failure   Level
a - Necrotise             Necr           88%        1d8       1%          1

Your spell library contained the following spells:

 Spells                   Type           Power      Damage    Failure   Level
 Vampiric Draining        Necr           22%        2d7       5%          3
 Animate Dead             Necr           22%        N/A       19%         4
 Agony                    Necr           22%        N/A       45%         5


Dungeon Overview and Level Annotations

Branches:
Dungeon (1/15)

Altars:


Message History

You start resting.
HP restored.
A ball python comes into view.
The helpless ball python fails to defend itself.
You hit the ball python.
You kill the ball python!
Found a fuming coppery potion.
d - a fuming coppery potion
Found a scroll labelled QOIXKOT YTEE.
Found a scroll labelled OPUZOUSOET.
e - a scroll labelled QOIXKOT YTEE A goblin comes into view.
It is wielding a +1 dagger of draining.
The goblin shouts!
You barely miss the goblin.
The goblin hits you with a +1 dagger of draining.
You feel drained.
You hit the goblin but do no damage. The goblin barely misses you.
You hit the goblin.
The goblin is heavily wounded.
The goblin hits you with a +1 dagger of draining.
You feel drained.
You barely miss the goblin.
The goblin is heavily wounded.
The goblin misses you.
You closely miss the goblin.
The goblin is heavily wounded.
The goblin hits you with a +1 dagger of draining.
You feel drained.
You hit the goblin.
The goblin is severely wounded.
The goblin misses you.
You closely miss the goblin.
The goblin is severely wounded.
The goblin hits you with a +1 dagger of draining.
You feel drained.
You hit the goblin but do no damage.
The goblin is heavily wounded.
The goblin hits you with a +1 dagger of draining.
Ouch! That really hurt!
You die...

###....................#..#
##......................#.##
.).#.########.#######...#.#
####..........#### #####.# #
#≈.≈##''#..#..# #.# ##
#≈⌠≈#...#♣.#..# #.#
.###≈≈≈#.♣.#♣.#..# #.#
...#####...#♣8#.g# #.# ##†#
####''####.@## #.#
#.###..#...##....# #.#
#..##.<'.####.##.### #.#
##.####### #. #...## #.# ###
# ###..# #.# ##.## #.#
#..###.# ##...#.# ###...#


You could see a goblin.

Vanquished Creatures
  A ball python (D:1)
  2 kobolds (D:1)
3 creatures vanquished.

Notes
Turn   | Place    | Note
-------+----------+-------------------------------------------
     0 | D:1      | Esekla the Deep Elf Necromancer began the quest for the
                  | Orb.
     0 | D:1      | Reached XP level 1. HP: 10/10 MP: 6/6
    60 | D:1      | Reached skill level 5 in Necromancy
   144 | D:1      | Slain by a goblin

Illustrated notes

Levels and vault maps discovered:
D:1:      sevenhm_arrival_forest_fort_small_3, layout_rooms,
          chequers_serial_rivers_room_b, minmay_misc_feat_five

Skill      XL: |  1 |
---------------+----+-----
Necromancy     | 5 |  5.0
Dodging        | |  2.4
Stealth        | |  2.4
Spellcasting   | |  3.0

Action                     || total
---------------------------++-------
  Melee: Short sword       ||    10
         Unarmed           ||    10
   Stab: Sleeping          ||     1
 Armour: Robe              ||     1
  Dodge: Dodged            ||     9
